 Dungeon Crawl Stone Soup version 0.25.1-2-g60ff931df9 (webtiles) character file.

Game seed: 2919921546344918832

389 Delamore the Cudgeler (level 6, 0/37 HPs)
             Began as a Gargoyle Fighter on Aug 2, 2020.
             Was an Initiate of Okawaru.
             Slain by a hound zombie (2 damage)
             ... on level 4 of the Dungeon.
             The game lasted 00:02:29 (2507 turns).

Delamore the Cudgeler (Gargoyle Fighter)            Turns: 2507, Time: 00:02:29

Health: 0/37       AC: 11    Str: 22    XL:     6   Next: 79%
Magic:  6/6        EV:  7    Int:  8    God:    Okawaru [......]
Gold:   142        SH:  9    Dex: 11    Spells: 5/5 levels left

rFire    + . .     SeeInvis .   o - +2 spear (vorpal)
rCold    . . .     Gourm    .   c - +0 kite shield
rNeg     + . .     Faith    .   b - +0 scale mail
rPois    ∞         Spirit   .   (no helmet)
rElec    +         Reflect  .   (no cloak)
rCorr    .         Harm     .   (no gloves)
MR       .....                  (no boots)
Stlth    ..........             (no amulet)
HPRegen  0.12/turn              i - ring of poison resistance
MPRegen  0.10/turn              p - ring of protection from fire

@: mighty
A: thin skeletal structure 1, negative energy resistance 1, screaming 1,
electricity resistance, unbreathing, petrification resistance, rot immunity, AC
+4
a: Renounce Religion


You were on level 4 of the Dungeon.
You worshipped Okawaru.
Okawaru was noncommittal.
You were hungry.

You visited 1 branch of the dungeon, and saw 4 of its levels.

You collected 142 gold pieces.

Inventory:

Hand Weapons
 a - a +0 flail
 o - a +2 vorpal spear (weapon)
Armour
 b - a +0 scale mail (worn)
 c - a +0 kite shield (worn)
Jewellery
 i - a ring of poison resistance (left hand)
 p - a ring of protection from fire (right hand)
Scrolls
 e - a scroll of fog {unknown}
 h - a scroll of enchant armour {unknown}
 j - 2 scrolls of noise {unknown}
 k - a scroll of remove curse {unknown}
 l - 2 scrolls of identify {unknown}
Potions
 q - a potion of resistance
Comestibles
 f - 7 rations
 g - a chunk of flesh


   Skills:
 - Level 3.2 Fighting
 + Level 7.0 Maces & Flails
 - Level 3.2 Armour
 - Level 3.2 Shields


You had 5 spell levels left.
You didn't know any spells.
Your spell library contained the following spells:

 Spells                   Type           Power        Failure   Level  Hunger
 Animate Skeleton         Necr           N/A          99%         1    ##.....
 Apportation              Tloc           #.....       99%         1    ##.....
 Beastly Appendage        Tmut           #.....       99%         1    ##.....
 Corona                   Hex            #......      99%         1    ##.....
 Summon Small Mammal      Summ           #...         99%         1    ##.....
 Sticks to Snakes         Tmut           #.......     100%        2    ###....
 Spider Form              Tmut/Pois      #.........   100%        3    ####...
 Ice Form                 Ice/Tmut       #.......     100%        4    #####..
 Blade Hands              Tmut           #.........   100%        5    ######.


Dungeon Overview and Level Annotations

Branches:
Dungeon (4/15)
 Temple: D:4-7

Altars:
Ashenzari
Fedhas
Okawaru
Zin

Annotations:
D:4 Grinder, Pikel


Innate Abilities, Weirdness & Mutations

You are resistant to torment.
Your stone body is resilient. (AC +4)
You are immune to poison.
You resist negative energy. (rN+)
You are resistant to electric shocks. (rElec)
You can survive without breathing.
You are immune to petrification.
You are immune to rotting.
You have a somewhat thin skeletal structure. (Dex +2, Stealth)
You occasionally shout uncontrollably at your foes.


Message History

* * * LOW HITPOINT WARNING * * *
The orc hits you but does no damage. The slave hits you.
* * * LOW HITPOINT WARNING * * *
Pikel hits you with a +2 whip of flaming.
* * * LOW HITPOINT WARNING * * *
The orc hits you but does no damage.
You closely miss the orc. The slave hits you but does no damage.
The orc hits you but does no damage. You block the slave's attack.
You block Pikel's attack.
The orc barely misses you. x2; The slave hits you.
* * * LOW HITPOINT WARNING * * *
You puncture the orc!
You kill the orc!
Okawaru accepts your kill. The slave hits you but does no damage.
You block Pikel's attack. The slave barely misses you.
The orc hits you but does no damage. Pikel hits you but does no damage.
The slave hits you but does no damage.
You puncture the hound zombie!
The hound zombie is heavily damaged.
The hound zombie bites you.
You die...

.. #...# ...
##.... ....
##..... ##..
....... #.$.
....... ##po#
.##....###oZ#
.........#@##p##
...!...<$pKpW..#
.......##.pZZ.....
....... #####.##..
.)..... ...
####### ... ...
<..


You could see Pikel (resistant), a phantom, 4 slaves, 2 orcs, a hound zombie, a
quokka skeleton and a jackal skeleton.

Vanquished Creatures
  Sigmund (D:3)
  A hound (D:4)
  2 orc wizards (D:3)
  A worker ant (D:4)
  4 gnolls (D:3)
  An adder (D:3)
  An ooze (D:2)
  2 worms (D:2)
  A dart slug (D:2)
  A leopard gecko (D:3)
  5 orcs
  2 giant cockroaches
  10 goblins
  5 hobgoblins
  7 jackals
  5 kobolds
  3 quokkas
  2 bats
  2 frilled lizards
  5 rats
61 creatures vanquished.

Notes
Turn   | Place    | Note
-------+----------+-------------------------------------------
     0 | D:1      | Delamore the Gargoyle Fighter began the quest for the Orb.
     0 | D:1      | Reached XP level 1. HP: 14/14 MP: 1/1
   117 | D:1      | Reached XP level 2. HP: 19/19 MP: 2/2
   163 | D:1      | You fall into a shaft and drop 1 floor!
   351 | D:2      | Found a shattered altar of Ashenzari.
   376 | D:2      | Reached skill level 3 in Maces & Flails
   576 | D:2      | Reached XP level 3. HP: 21/23 MP: 3/3
   854 | D:2      | Found a blossoming altar of Fedhas.
  1159 | D:2      | Found a glowing silver altar of Zin.
  1502 | D:3      | Reached skill level 4 in Maces & Flails
  1507 | D:3      | Reached XP level 4. HP: 17/28 MP: 4/4
  1799 | D:3      | Noticed Sigmund
  1819 | D:3      | Killed Sigmund
  1819 | D:3      | Reached skill level 6 in Maces & Flails
  1819 | D:3      | Reached XP level 5. HP: 29/32 MP: 5/5
  1819 | D:3      | Reached XP level 6. HP: 33/37 MP: 6/6
  2052 | D:3      | Found an iron altar of Okawaru.
  2126 | D:3      | Became a worshipper of Warmaster Okawaru
  2477 | D:4      | Noticed a slave
  2478 | D:4      | Noticed Grinder
  2478 | D:4      | Noticed Pikel
  2478 | D:4      | Noticed a slave
  2478 | D:4      | Noticed a slave
  2478 | D:4      | Noticed a slave
  2482 | D:4      | Noticed a phantom
  2497 | D:4      | Gained mutation: You occasionally shout uncontrollably at
                  | your foes. [potion of mutation]
  2497 | D:4      | Gained mutation: You have a somewhat thin skeletal
                  | structure. (Dex +2, Stealth) [potion of mutation]
  2497 | D:4      | HP: 1/37 [Pikel/+2 whip of flaming (1)]
  2503 | D:4      | Reached skill level 7 in Maces & Flails
  2507 | D:4      | Slain by a hound zombie

Illustrated notes

Levels and vault maps discovered:
D:1:      lightli_arrival_statuegarden, layout_basic
D:2:      layout_loops_ring, nicolae_ashenzari_panopticon, zin_treasury,
          first_ration, fedhas_altar_4
D:3:      layout_loops_cross, old_standard_altar, minmay_bisected, uniq_sigmund
D:4:      layout_rooms, lemuel_zombie_altar_kikubaaqudgha,
          minmay_goblin_outpost, uniq_eustachio, uniq_grinder, uniq_menkaure,
          uniq_pikel

Skill      XL: |  1  2  3  4  5  6 |
---------------+-------------------+-----
Maces & Flails | 3 4 6 7 |  7.0
Fighting       | |  3.2
Armour         | |  3.2
Shields        | |  3.2

Action                   |  1- 3 |  4- 6 || total
-------------------------+-------+-------++-------
Melee: Flail             |   145 |     8 ||   153
       Spear             |       |   108 ||   108
  Use: Potion            |       |     4 ||     4
  Eat: Chunk             |     2 |     3 ||     5
Armor: Scale mail        |    85 |    67 ||   152
       Skin              |       |     5 ||     5
Dodge: Dodged            |    41 |    50 ||    91
Block: Kite shield       |    85 |    74 ||   159
